 Dungeon Crawl Stone Soup version 0.28.0 (webtiles) character file.

Game seed: 8808909463685720042

202773 browni3141 the Hoplite (level 17, -7/243 HPs)
             Began as a Minotaur Berserker on Feb 17, 2022.
             Was the Champion of Trog.
             Splashed with acid (13 damage)
             ... while paralysed by a floating eye
             ... on level 3 of the Pits of Slime.
             The game lasted 00:28:28 (27414 turns).

browni3141 the Hoplite (Minotaur Berserker)        Turns: 27414, Time: 00:28:28

Health: -7/243     AC: 27    Str: 26    XL:     17   Next: 45%
Magic:  16/16      EV:  2    Int:  6    God:    Trog [******]
Gold:   717        SH:  0    Dex: 14    Spells: 16/16 levels left

rFire   + . .      SeeInvis +   L - +9 broad axe (protect)
rCold   . . .      Faith    .   I - +0 kite shield {reflect}
rNeg    . . .      Spirit   .   X - +0 swamp dragon scales {@f3}
rPois   +          Reflect  +   m - +0 hat "Sius Dua" {Int+7 SInv}
rElec   .          Harm     .   t - +2 cloak {rC+}
rCorr   .          Rampage  .   b - +1 pair of gloves
Will    +....                   k - +2 pair of boots
Stlth   ..........              f - amulet of the acrobat
HPRegen 1.30/turn               O - +4 ring of protection
MPRegen 0.15/turn               G - ring "Narerusi" {Fire Int-5 Dex+2 Slay+5}

@: confused, paralysed, berserking (expiring), corroded, under a protective
aura, studying Armour
A: horns 2, retaliatory headbutt, beak, deformed body, regeneration 1, screaming
1, weak 1
}: 2/15 runes: decaying, gossamer
a: Renounce Religion, Berserk, Trog's Hand, Brothers in Arms


You were on level 3 of the Pits of Slime.
You worshipped Trog.
Trog was exalted by your worship.
You visited 6 branches of the dungeon, and saw 31 of its levels.
You also visited: Ossuary, Ice Cave and Volcano.

You collected 3235 gold pieces.
You spent 2518 gold pieces at shops.


Innate Abilities, Weirdness & Mutations

You have a pair of horns on your head.
You reflexively headbutt those who attack you in melee.
You have a beak for a mouth.
Armour fits poorly on your strangely shaped body.
Your natural rate of healing is unusually fast.
You occasionally shout uncontrollably at your foes.
You are weak. (Str -2)


   Skills:
 + Level 17.5 Fighting
 - Level 19.6 Axes
 + Level 19.8 Armour
 - Level 2.1 Dodging
 * Level 22.6 Shields
 - Level 8.0 Evocations


You had 16 spell levels left.
You didn't know any spells.
Your spell library was empty.

Inventory:

Hand Weapons
 L - a +9 broad axe of protection (weapon)
 N - a +1 broad axe of venom
Missiles
 J - 4 throwing nets (quivered)
 M - 3 curare-tipped darts {@f4}
Armour
 b - a +1 pair of gloves (worn)
 k - a +2 pair of boots (worn)
 m - the +0 hat "Sius Dua" (worn) {Int+7 SInv}
   (You acquired it on level 5 of the Lair of Beasts)

   Int:       It affects your intelligence (+7).
   SInv:      It lets you see invisible.
 t - a +2 cloak of cold resistance (worn)
 v - a +4 plate armour
 C - +0 ice dragon scales
 I - a +0 kite shield of reflection (worn)
 V - a +2 kite shield of cold resistance
 X - +0 swamp dragon scales (worn) {@f3}
Jewellery
 f - an amulet of the acrobat (around neck)
 G - the ring "Narerusi" (right hand) {Fire Int-5 Dex+2 Slay+5}
   (You found it in an ice cave)

   [ring of fire]

   It enhances your fire magic.
   Int:       It affects your intelligence (-5).
   Dex:       It affects your dexterity (+2).
   Slay:      It affects your accuracy & damage with ranged weapons and melee
   (+5).
   rF:        It protects you from fire.
   rC:        It makes you vulnerable to cold.
 O - a +4 ring of protection (left hand)
 R - a ring of resist corrosion
Wands
 B - a wand of iceblast (9)
 K - a wand of digging (34)
 W - a wand of acid (18)
 Y - a wand of charming (4)
 Z - a wand of paralysis (11)
Scrolls
 d - 9 scrolls of blinking {@r3}
 n - 12 scrolls of noise {!r}
 q - 6 scrolls of teleportation {@r4}
 r - 2 scrolls of fog {@r5}
 s - 6 scrolls of enchant weapon
 w - 4 scrolls of holy word
 x - a scroll of torment {!r}
 y - 11 scrolls of immolation {!r}
 H - 2 scrolls of fear
 P - 2 scrolls of summoning
 Q - a scroll of magic mapping
 S - a scroll of enchant armour
 T - 5 scrolls of vulnerability {!r}
Potions
 a - 3 potions of mutation {!q}
 c - 12 potions of curing {@q1}
 e - 3 potions of resistance
 g - 6 potions of flight {unknown}
 i - 18 potions of ambrosia
 j - 3 potions of cancellation
 l - 3 potions of brilliance
 o - 8 potions of attraction {!q}
 p - 7 potions of haste {@q3}
 u - 5 potions of invisibility {unknown}
 z - 2 potions of berserk rage {unknown}
 A - 6 potions of magic
 D - 4 potions of lignification {!q}
 E - a potion of might
 U - 10 potions of heal wounds {unknown}
Miscellaneous
 h - a phial of floods
 F - a box of beasts

Dungeon Overview and Level Annotations

Branches:
Dungeon (12/15)            Temple (0/1) D:7            Lair (6/6) D:8
  Swamp (4/4) Lair:4       Spider (4/4) Lair:4        Slime (3/5) Lair:5
    Orc (2/2) D:12            Elf (0/3) Orc:2       Ossuary (visited)
  IceCv (visited)         Volcano (visited)

Altars:
Cheibriados
Elyvilon
Fedhas
Gozag
Makhleb
Ru
Sif Muna
Wu Jian
Yredelemnul
Beogh
Jiyva

Shops:
D:6 (   D:7 :   Orc:2 ::[[?

####..........
.##.......G.....
...............
##.............
##...........>..
.............J..
..........G.....
.......<).......
........@G......
.#....###.......
#.... .......
#.... .......
#.... .J.....
##.# #...... ##
#....# #.###


You could see an acid blob, a slime creature, a floating eye (charged) and 2
golden eyes.


Message History

You slice the great orb of eyes!! You slash the slime creature!
You are splashed with acid!
* * * LOW HITPOINT WARNING * * *
An acid blob comes into view.
A slime creature comes into view.
You chop the great orb of eyes into pieces!!!
You kill the great orb of eyes!
Trog accepts your kill.
You slash the slime creature!
You kill the slime creature!
Trog accepts your kill.
You are splashed with acid!
* * * LOW HITPOINT WARNING * * *
The floating eye gazes piercingly through you!
You suddenly lose the ability to move!
You are splashed with acid!
* * * LOW HITPOINT WARNING * * *
The golden eye blinks at you. You resist with almost no effort.
The floating eye's stare focuses on you.
The golden eye blinks at you.
You are more confused.
You are splashed with acid!
* * * LOW HITPOINT WARNING * * *
The golden eye turns its gaze towards you.
The acid blob spits acid at you. The splash of acid hits you!!
* * * LOW HITPOINT WARNING * * *
The acid corrodes you!
You are splashed with acid!
You die...

Skill      XL: |  1  2  3  4  5  6  7  8  9 10 11 12 13 14 15 16 17 |
---------------+----------------------------------------------------+-----
Axes           | 4 5 6 7 8 10 12 14 15 16 18 19 | 19.6
Fighting       | 4 5 6 7 9 10 11 12 13 14 15 16 17 | 17.5
Armour         | 3 4 5 6 7 9 10 11 12 13 16 18 19 | 19.8
Shields        | 2 6 9 12 13 18 21 22 | 22.6
Evocations     | 1 3 5 6 7 8 |  8.0
Dodging        | |  2.1

Action                   |  1- 3 |  4- 6 |  7- 9 | 10-12 | 13-15 | 16-18 || total
-------------------------+-------+-------+-------+-------+-------+-------++-------
Melee: Hand axe          |    84 |    72 |       |       |       |       ||   156
       Headbutt          |     9 |    14 |    41 |   114 |   246 |   149 ||   573
       Punch             |     1 |     1 |     2 |     1 |       |       ||     5
       War axe           |       |    13 |   193 |   488 |   350 |       ||  1044
       Peck              |       |       |     4 |   109 |   223 |   132 ||   468
       Broad axe         |       |       |       |       |   706 |   543 ||  1249
Invok: Berserk           |       |     3 |     8 |    14 |    21 |     7 ||    53
       Trog's Hand       |       |     1 |     2 |     1 |     6 |     3 ||    13
       Brothers in Arms  |       |       |       |       |     1 |       ||     1
  Use: Potion            |       |       |     1 |       |     1 |       ||     2
       Scroll            |       |       |       |       |    28 |     6 ||    34
 Stab: Sleeping          |     1 |       |       |       |       |       ||     1
       Confused          |       |       |       |       |     1 |       ||     1
       Distracted        |       |       |       |       |     1 |       ||     1
Armor: Animal skin       |    18 |     6 |     2 |       |       |       ||    26
       Chain mail        |       |       |   156 |    64 |       |       ||   220
       Plate armour      |       |       |       |   256 |   462 |       ||   718
       Swamp dragon scal |       |       |       |       |    87 |   342 ||   429
       Leather armour    |       |       |       |       |    41 |       ||    41
Dodge: Dodged            |    46 |    61 |   106 |   143 |   355 |   229 ||   940
Block: Kite shield       |       |       |       |   196 |   685 |   448 ||  1329

Levels and vault maps discovered:
D:1:      sevenhm_arrival_forest_fort_small_2, layout_loops_ring, minivault_14
D:2:      layout_rooms, hellmonk_ecumenical_altar_arch_garden, minivault_19,
          st_stairs_13, minmay_misc_feat_tiny
D:3:      layout_rooms
D:4:      layout_cave_pools, jmf_multi_god_temple, mainiacjoe_overflow_alcove_2,
          minmay_misc_feat_diagonals
D:5:      layout_loops_corners, minmay_ruined_shrine, uniq_edmund
D:6:      layout_gridville, general_overflow_altar, serial_shops,
          nicolae_shop_crystal, hangedman_abyss_or_decor_passed
D:7:      layout_loops_ring, yredelemnul_forgotten_temple_becter,
          minmay_temple_entry_glass, serial_shops, nicolae_shop_trees,
          uniq_pikel
D:8:      layout_basic, mainiacjoe_overflow_catwalk_spiral, david_lair_generic,
          enter_bailey_1, nicolae_ossuary_entry_monument
D:9:      layout_stronghold, mainiacjoe_overflow_large_starburst,
          onia_ninara_dug_in_and_dangerous, uniq_harold, uniq_prince_ribbit1,
          uniq_joseph
D:10:     hellmonk_ruined_rings, layout_rooms
D:11:     layout_loops_ring, nicolae_zen_rock_garden, minmay_lindwurm_lava,
          uniq_maurice, uniq_fannar
D:12:     layout_basic, hiddenorc2_lemuel, portal_ice_cave_entry_pillars_1,
          hangedman_ru_absence, uniq_psyche, uniq_kirke
Lair:1:   layout_gridlike, grunt_forest_large_clearing_hut
Lair:2:   layout_cave_pods, infiniplex_staircase_pool
Lair:3:   layout_gridlike, nzn_sisyphean_effort
Lair:4:   beast_lair_carwin_large_4, layout_cave_pods, minmay_swamp_entry_worms,
          nicolae_spider_entry_non_spiders, serial_bayou_shore_a, uniq_sonja
Lair:5:   layout_roguey [special_room_bee], slime_altar_1,
          minmay_lair_oklob_bushes, infiniplex_staircase_pool_2
Lair:6:   wormcave, layout_regular_city, guppyfry_lair_end_dragon
Swamp:1:  layout_falls_marsh, evilmike_swamp_ruin_house_6,
          nicolae_swamp_round_clearing, swamp_pool5, uniq_mlioglotl
Swamp:2:  layout_falls_marsh, evilmike_swamp_ruin_house_2
Swamp:3:  layout_basic_swamp, evilmike_swamp_ruin_rubble_2, swamp_pool3
Swamp:4:  swamp_icy, layout_basic_swamp, uniq_donald
Spider:1: layout_spider_delve, nicolae_spider_bzzzt
Spider:2: layout_spider_delve
Spider:3: layout_cave_pods, guppyfry_spider_mini_3
Spider:4: grunt_spider_rune_circles
Slime:1:  layout_caves
Slime:2:  layout_caves
Slime:3:  layout_caves, amcnicky_altar_lugonu_corruption
Orc:1:    layout_diamond_mine, ebering_ghost_disaster_area, minmay_orc_temple_c
Orc:2:    st_orc_pillars, layout_caves, basic_altar, gammafunk_ghost_grave,
          nicolae_volcano_entry_hallway, nicolae_shop_self_help

Notes
Turn   | Place    | Note
-------+----------+-------------------------------------------
     0 | D:1      | browni3141 the Minotaur Berserker began the quest for the
                  | Orb.
     0 | D:1      | Reached XP level 1. HP: 19/19 MP: 0/0
     5 | D:1      | Noticed an anaconda
     8 | D:1      | Noticed an elephant
   221 | D:1      | Reached skill level 4 in Axes
   221 | D:1      | Reached XP level 2. HP: 10/27 MP: 1/1
   508 | D:1      | Reached skill level 4 in Fighting
   811 | D:1      | Reached skill level 3 in Armour
   820 | D:1      | Reached XP level 3. HP: 33/33 MP: 2/2
  1132 | D:2      | Reached ** piety under Trog
  1477 | D:2      | HP: 3/33 [poisoned by an adder]
  1762 | D:2      | Found a faded altar of an unknown god.
  1872 | D:2      | Reached XP level 4. HP: 41/41 MP: 3/3
  1918 | D:2      | Reached skill level 5 in Axes
  2623 | D:3      | Reached XP level 5. HP: 39/47 MP: 4/4
  2886 | D:4      | Found a white marble altar of Elyvilon.
  2886 | D:4      | Found a snail-covered altar of Cheibriados.
  2888 | D:4      | Noticed an ogre
  2891 | D:4      | Noticed an ogre
  2929 | D:4      | Killed an ogre
  2930 | D:4      | Reached skill level 5 in Fighting
  2930 | D:4      | Reached skill level 6 in Axes
  2930 | D:4      | Reached skill level 4 in Armour
  2933 | D:4      | Killed an ogre
  2934 | D:4      | Reached XP level 6. HP: 56/56 MP: 3/5
  3175 | D:4      | Found a burning altar of Makhleb.
  3310 | D:4      | Reached skill level 7 in Axes
  3714 | D:5      | Entered Level 5 of the Dungeon
  3714 | D:5      | Noticed Edmund
  3719 | D:5      | Killed Edmund
  3720 | D:5      | Reached skill level 5 in Armour
  3720 | D:5      | Reached XP level 7. HP: 62/62 MP: 4/6
  4132 | D:5      | Found a basalt altar of Yredelemnul.
  4140 | D:5      | Reached skill level 6 in Fighting
  4424 | D:5      | Reached skill level 8 in Axes
  4490 | D:5      | Reached skill level 6 in Armour
  4490 | D:5      | Reached XP level 8. HP: 71/71 MP: 5/7
  4497 | D:5      | Reached *** piety under Trog
  5006 | D:5      | Reached skill level 9 in Axes
  5011 | D:5      | Reached skill level 7 in Fighting
  5703 | D:6      | Found an opulent altar of Gozag.
  5736 | D:6      | Reached skill level 10 in Axes
  5736 | D:6      | Reached skill level 7 in Armour
  5874 | D:6      | Found Ylaycyur's Weapon Shop.
  5997 | D:7      | Found a staircase to the Ecumenical Temple.
  6006 | D:7      | Reached XP level 9. HP: 81/81 MP: 6/8
  6009 | D:7      | Reached skill level 8 in Fighting
  6209 | D:7      | Reached skill level 11 in Axes
  6569 | D:7      | Noticed Pikel
  6578 | D:7      | Killed Pikel
  6579 | D:7      | Reached skill level 8 in Armour
  6716 | D:7      | Found Ceraxo's Book Shoppe.
  6929 | D:7      | Found a basalt altar of Yredelemnul.
  7025 | D:8      | Found a sand-covered staircase.
  7036 | Ossuary  | Entered an ossuary
  7270 | Ossuary  | Reached **** piety under Trog
  7324 | D:8      | Gained mutation: Your natural rate of healing is unusually
                  | fast. [potion of mutation]
  7324 | D:8      | Gained mutation: You occasionally shout uncontrollably at
                  | your foes. [potion of mutation]
  7324 | D:8      | Gained mutation: You have a beak for a mouth. [potion of
                  | mutation]
  7413 | D:8      | Noticed an elephant
  7414 | D:8      | Found a staircase to the Lair.
  7431 | D:8      | Reached skill level 9 in Fighting
  7431 | D:8      | Reached skill level 12 in Axes
  7436 | D:8      | Killed an elephant
  7437 | D:8      | Reached skill level 9 in Armour
  7490 | D:8      | Noticed a two-headed ogre
  7497 | D:8      | Killed a two-headed ogre
  7498 | D:8      | Reached XP level 10. HP: 91/91 MP: 5/9
  7638 | D:8      | Found a shimmering blue altar of Sif Muna.
  7645 | D:8      | Found a blossoming altar of Fedhas.
  7707 | D:8      | Reached skill level 13 in Axes
  8227 | D:9      | Found a sacrificial altar of Ru.
  8228 | D:9      | Found an ornate altar of the Wu Jian Council.
  8372 | D:9      | Noticed Joseph
  8385 | D:9      | Killed Joseph
  8386 | D:9      | Reached skill level 10 in Fighting
  8532 | D:9      | Noticed Harold
  8541 | D:9      | Killed Harold
  8790 | D:9      | Reached skill level 10 in Armour
  8795 | D:9      | Noticed Prince Ribbit
  8826 | D:9      | Killed Prince Ribbit
  8827 | D:9      | Reached skill level 14 in Axes
  9173 | D:9      | Noticed a manticore
  9178 | D:9      | Noticed a two-headed ogre
  9654 | D:10     | Entered Level 10 of the Dungeon
  9784 | D:10     | Reached skill level 1 in Shields
 10080 | D:10     | Reached skill level 2 in Shields
 10083 | D:10     | Reached skill level 1 in Evocations
 10088 | D:10     | Reached XP level 11. HP: 65/101 MP: 5/10
 10346 | D:11     | Noticed a two-headed ogre
 10346 | D:11     | Noticed a boulder beetle
 10350 | D:11     | Killed a two-headed ogre
 10351 | D:11     | Reached skill level 3 in Shields
 10351 | D:11     | Noticed Maurice
 10356 | D:11     | Killed Maurice
 10362 | D:11     | Killed a boulder beetle
 10364 | D:11     | Reached skill level 4 in Shields
 10422 | D:11     | Reached skill level 11 in Fighting
 10422 | D:11     | Reached skill level 2 in Evocations
 10547 | D:11     | Noticed Fannar
 10562 | D:11     | Killed Fannar
 10610 | D:11     | Reached skill level 15 in Axes
 10616 | D:11     | Reached skill level 5 in Shields
 10926 | D:11     | Noticed a centaur warrior
 10932 | D:11     | Killed a centaur warrior
 10942 | D:11     | Reached skill level 11 in Armour
 11021 | D:11     | Noticed a lindwurm
 11023 | D:11     | Noticed a lindwurm
 11026 | D:11     | Noticed a lindwurm
 11035 | D:11     | Noticed a lindwurm
 11040 | D:11     | Reached skill level 3 in Evocations
 11339 | Lair:1   | Entered Level 1 of the Lair of Beasts
 11427 | Lair:1   | Noticed an eight-headed hydra
 11434 | Lair:1   | Killed an 11-headed hydra
 11435 | Lair:1   | Reached skill level 6 in Shields
 12193 | Lair:1   | >>>
 12214 | Lair:2   | Noticed a boulder beetle
 12256 | Lair:2   | Killed a boulder beetle
 12386 | Lair:2   | Reached XP level 12. HP: 71/110 MP: 9/11
 12495 | Lair:2   | Reached skill level 7 in Shields
 13320 | Lair:3   | Noticed a boulder beetle
 13341 | Lair:3   | Killed a boulder beetle
 13342 | Lair:3   | Reached skill level 16 in Axes
 13342 | Lair:3   | Reached skill level 4 in Evocations
 13503 | Lair:3   | Noticed an eight-headed hydra
 13512 | Lair:3   | Killed an 11-headed hydra
 13513 | Lair:3   | Reached skill level 8 in Shields
 13710 | Lair:3   | Reached skill level 12 in Fighting
 14302 | Lair:4   | Reached skill level 9 in Shields
 14371 | Lair:4   | Found a hole to the Spider Nest.
 14371 | Lair:4   | Noticed Sonja
 14393 | Lair:4   | Killed Sonja
 14394 | Lair:4   | Reached skill level 12 in Armour
 14415 | Lair:4   | Reached skill level 5 in Evocations
 14662 | Lair:4   | Reached XP level 13. HP: 111/119 MP: 6/12
 14926 | Lair:4   | Reached ***** piety under Trog
 14927 | Lair:4   | Reached skill level 17 in Axes
 14927 | Lair:4   | Reached skill level 10 in Shields
 15018 | Lair:4   | Found a staircase to the Swamp.
 15605 | Lair:5   | Reached skill level 11 in Shields
 15646 | Lair:5   | Reached skill level 6 in Evocations
 15648 | Lair:5   | Reached skill level 13 in Fighting
 15722 | Lair:5   | Found a staircase to the Slime Pits.
 15723 | Lair:5   | Found a viscous altar of Jiyva.
 16234 | Lair:5   | Identified the +8 chain mail "Hogub" {Regen+ MP+9}
 16968 | Lair:5   | Identified a scroll of acquirement
 16969 | Lair:5   | Acquired the +0 hat "Sius Dua" {Int+7 SInv}
 16999 | Slime:1  | Entered Level 1 of the Pits of Slime
 17029 | Lair:6   | Entered Level 6 of the Lair of Beasts
 17050 | Lair:6   | Reached skill level 18 in Axes
 17122 | Lair:6   | Reached skill level 13 in Armour
 17265 | Lair:6   | Reached skill level 12 in Shields
 17265 | Lair:6   | Reached XP level 14. HP: 125/129 MP: 9/13
 17265 | Lair:6   | Received a gift from Trog
 18371 | D:12     | Found a frozen archway.
 18400 | D:12     | Found a staircase to the Orcish Mines.
 18450 | IceCv    | Entered an ice cave
 18808 | IceCv    | Reached skill level 7 in Evocations
 19013 | IceCv    | Identified the ring "Narerusi" {Fire Int-5 Dex+2 Slay+5}
 19147 | D:12     | Reached skill level 13 in Shields
 19190 | D:12     | Noticed Kirke
 19203 | D:12     | Killed Kirke
 19280 | D:12     | Noticed Psyche
 19284 | D:12     | Killed Psyche
 19293 | D:12     | Received a gift from Trog
 19545 | D:12     | Found a sacrificial altar of Ru.
 19852 | Orc:1    | Entered Level 1 of the Orcish Mines
 19852 | Orc:1    | You fall into a shaft and drop 1 floor!
 19852 | Orc:2    | Entered Level 2 of the Orcish Mines
 20208 | Orc:2    | Found a dark tunnel.
 20217 | Orc:2    | Reached skill level 14 in Fighting
 20226 | Volcano  | Entered a volcano
 20250 | Volcano  | Reached skill level 19 in Axes
 20285 | Volcano  | Noticed an orb of fire
 20307 | Volcano  | Noticed an orb of fire
 20547 | Orc:2    | Found a staircase to the Elven Halls.
 20548 | Orc:2    | Found a runed translucent door.
 20548 | Orc:2    | Noticed Clumpoid's ghost (journeyman TrFi)
 20563 | Orc:2    | Found Xylusmay's Self-Improvement Boutique.
 20566 | Orc:2    | Received a gift from Trog
 20878 | Orc:2    | Reached XP level 15. HP: 104/138 MP: 14/14
 20965 | Orc:2    | Reached skill level 14 in Armour
 20970 | Orc:2    | Reached skill level 14 in Shields
 21163 | Orc:2    | Killed Clumpoid's ghost
 21602 | Orc:2    | Found Xecvidu's Magic Scroll Shop.
 21602 | Orc:2    | Found Pixkum's Book Shop.
 21603 | Orc:2    | Found Loideof's Armour Shop.
 21603 | Orc:2    | Found Xoommag's Armour Boutique.
 21610 | Orc:2    | Bought a scroll of enchant armour for 97 gold pieces
 21610 | Orc:2    | Bought a scroll of identify for 26 gold pieces
 21610 | Orc:2    | Bought a scroll of blinking for 97 gold pieces
 21610 | Orc:2    | Bought a scroll of blinking for 97 gold pieces
 21610 | Orc:2    | Bought a scroll of identify for 26 gold pieces
 21610 | Orc:2    | Bought a scroll of enchant weapon for 97 gold pieces
 21616 | Orc:2    | Bought a manual of Shields for 1040 gold pieces
 21678 | Orc:2    | Bought a manual of Armour for 960 gold pieces
 21741 | Orc:2    | Bought a +0 leather armour of poison resistance for 78 gold
                  | pieces
 22252 | Swamp:1  | Entered Level 1 of the Swamp
 22269 | Swamp:1  | Reached skill level 8 in Evocations
 22638 | Swamp:1  | Reached skill level 15 in Shields
 22731 | Swamp:1  | Noticed Mlioglotl
 22746 | Swamp:1  | Killed Mlioglotl
 22912 | Swamp:1  | Reached skill level 15 in Armour
 23099 | Swamp:2  | Noticed a fenstrider witch
 23100 | Swamp:2  | Paralysed by a fenstrider witch for 7 turns
 23110 | Swamp:2  | Reached skill level 16 in Shields
 23110 | Swamp:2  | Killed a fenstrider witch
 23112 | Swamp:2  | Reached skill level 15 in Fighting
 23128 | Swamp:2  | Received a gift from Trog
 23298 | Swamp:3  | Reached skill level 17 in Shields
 23470 | Swamp:4  | Entered Level 4 of the Swamp
 23502 | Swamp:4  | Noticed Donald
 23516 | Swamp:4  | Killed Donald
 23517 | Swamp:4  | Reached skill level 16 in Armour
 23618 | Swamp:4  | Reached skill level 18 in Shields
 23675 | Swamp:4  | Reached XP level 16. HP: 138/149 MP: 15/15
 23716 | Swamp:4  | Reached ****** piety under Trog
 23788 | Swamp:4  | Got a decaying rune of Zot
 24230 | Spider:1 | Entered Level 1 of the Spider Nest
 24279 | Spider:1 | You fall into a shaft and drop 1 floor!
 24297 | Spider:2 | Reached skill level 19 in Shields
 24316 | Spider:2 | Received a gift from Trog
 24719 | Spider:3 | Reached skill level 17 in Armour
 24764 | Spider:4 | Entered Level 4 of the Spider Nest
 24772 | Spider:4 | Reached skill level 16 in Fighting
 24843 | Spider:4 | Reached skill level 20 in Shields
 24997 | Spider:4 | Received a gift from Trog
 25009 | Spider:4 | Reached skill level 21 in Shields
 25074 | Spider:4 | Reached skill level 18 in Armour
 25167 | Spider:4 | HP: 22/228 [poisoned by an emperor scorpion]
 25172 | Spider:4 | HP: 20/228 [poisoned by an emperor scorpion]
 25341 | Spider:4 | Got a gossamer rune of Zot
 25892 | Spider:2 | Reached XP level 17. HP: 119/160 MP: 16/16
 25982 | Spider:2 | Reached skill level 17 in Fighting
 26010 | Spider:2 | Reached skill level 19 in Armour
 26190 | Spider:2 | Reached skill level 22 in Shields
 26191 | Spider:2 | Received a gift from Trog
 27002 | Slime:1  | Gained mutation: You are weak. (Str -2) [a shining eye]
 27286 | Slime:3  | Noticed an acid blob
 27403 | Slime:3  | Received a gift from Trog
 27403 | Slime:3  | Gained mutation: Armour fits poorly on your strangely
                  | shaped body. [a shining eye]
 27406 | Slime:3  | Killed an acid blob
 27410 | Slime:3  | Noticed an acid blob
 27411 | Slime:3  | Paralysed by a floating eye for 4 turns
 27413 | Slime:3  | HP: 6/243 [acid blob/splash of acid (20)]
 27414 | Slime:3  | Splashed with acid

Vanquished Creatures
  Mlioglotl (Swamp:1)
  An acid blob (Slime:3)
  Donald (Swamp:4)
  Kirke (D:12)
  A fenstrider witch (Swamp:2)
  2 azure jellies
  3 rockslimes
  7 emperor scorpions
  The ghost of Clumpoid the Bludgeoner, a journeyman TrFi of Wu Jian (Orc:2)
  4 ghost moths (Spider:4)
  3 eleionomae
  2 entropy weavers
  A spark wasp (Spider:3)
  3 bunyips
  A great orb of eyes (Slime:3)
  A fire dragon (Lair:6)
  A shambling mangrove (Swamp:4)
  3 ice dragons
  Harold (D:9)
  Fannar (D:11)
  8 hydras
  A radroach (Spider:2)
  4 boulder beetles
  A jorogumo (Spider:4)
  An ogre mage (Orc:2)
  A centaur warrior (D:11)
  8 two-headed ogres
  2 alligators
  5 orc high priests (Orc:2)
  Sonja (Lair:4)
  A hell knight (Volcano)
  3 spriggans
  A fire crab (Lair:4)
  3 goliath frogs
  2 pharaoh ants (Spider:4)
  13 orb spiders
  A spriggan druid (Swamp:4)
  9 steelbarb worms
  3 bog bodies
  11 orc knights
  5 swamp dragons
  Pikel (D:7)
  13 wolf spiders
  3 deep elf pyromancers
  An oklob plant (Lair:5)
  2 shining eyes
  A cyclops (D:11)
  2 moths of wrath
  4 will-o-the-wisps
  2 salamanders (Volcano)
  An orc sorcerer (Orc:2)
  40 elephants
  Joseph (D:9)
  4 black mambas
  Maurice (D:11)
  4 molten gargoyles (Volcano)
  3 torpor snails
  6 gargoyles
  2 ice statues (IceCv)
  4 demonic crawlers
  11 cane toads
  10 rime drakes
  An unseen horror (D:11)
  4 freezing wraiths (Swamp:4)
  Psyche (D:12)
  12 komodo dragons
  6 meliai
  A queen bee (Lair:5)
  5 trolls
  A bloated husk (Swamp:3)
  10 tyrant leeches
  Prince Ribbit (D:9)
  6 hornets
  23 tarantellas
  10 blink frogs
  A meliai zombie (D:11)
  29 slime creatures
  4 dream sheep (Lair:4)
  15 culicivoras
  20 jumping spiders
  3 wyverns
  A vampire (D:11)
  6 basilisks
  5 hogs (D:12)
  4 steam dragons
  21 yaks
  2 golden eyes (Slime:1)
  4 swamp worm simulacra (Swamp:4)
  15 vampire mosquitoes
  63 redbacks
  A warg (Orc:2)
  Edmund (D:5)
  8 swamp worms
  17 hydra simulacra (Swamp:4)
  6 water moccasins
  7 swamp drakes
  41 orc warriors
  A hornet zombie (D:7)
  An ice beast (D:5)
  4 black bears
  4 ogres
  A necrophage (D:4)
  14 wolves
  8 centaurs
  A lemure (D:7)
  2 kobold brigands (D:7)
  5 bullfrogs
  A wyvern zombie (D:8)
  A gnoll sergeant (D:10)
  6 scorpions
  2 lindwurm simulacra (IceCv)
  35 killer bees
  9 wights
  3 electric eels (Lair:4)
  A howler monkey (D:5)
  2 human zombies (Ossuary)
  10 komodo dragon simulacra (IceCv)
  4 centaur zombies
  2 hounds
  3 jellies
  A gnoll shaman (D:8)
  26 orc priests
  2 centaur skeletons
  8 iguanas
  25 orc wizards
  5 mummies (Ossuary)
  2 hound skeletons
  2 howler monkey zombies
  7 gnolls
  6 acid dragon simulacra (IceCv)
  4 adders
  A white imp (D:6)
  3 steam dragon simulacra (IceCv)
  An ufetubus (D:6)
  A swamp drake simulacrum (Swamp:4)
  3 worms (Lair:4)
  5 dart slugs
  86 orcs
  4 bats (D:2)
  6 endoplasms
  4 giant cockroaches
  A gnoll zombie (Ossuary)
  6 hobgoblins
  8 jackals
  5 quokkas
  6 ball pythons
  A frilled lizard (D:2)
  7 goblins
  A goblin zombie (Ossuary)
  A hobgoblin zombie (Ossuary)
  14 kobolds
  A kobold zombie (Ossuary)
  An orc zombie (Ossuary)
  6 rats
  A spectral orc (D:7)
  A bush (Lair:5)
976 creatures vanquished.

Vanquished Creatures (others)
  A wolf spider (Spider:4)
  An elephant (Lair:6)
  2 bloated husks
  A redback (Spider:4)
  A swamp worm (Swamp:4)
  20 foxfires
  31 fungi
  60 plants
  2 withered plants (Orc:2)
119 creatures vanquished.

Grand Total: 1095 creatures vanquished

Table legend: (Time is in decaauts)
 A = Elapsed time spent in this place.
 B = Non-inter-level travel time spent in this place.
 C = Inter-level travel time spent in this place.
 D = Time resting spent in this place.
 E = Time spent auto-exploring this place.
 F = Levels seen in this place.
 G = Mean time per level.
                   A        B        C        D        E       F      G
               +--------+--------+--------+--------+--------+-----+--------+
         Total |  27684 |  26093 |   1591 |   5567 |  14816 |  34 |  814.2 |
       Dungeon |  12248 |  11712 |    536 |   2533 |   7264 |  12 | 1020.7 |
          Lair |   7599 |   7174 |    425 |   1381 |   4493 |   6 | 1266.5 |
         Swamp |   1818 |   1716 |    102 |    381 |    651 |   4 |  454.5 |
   Spider Nest |   2439 |   2177 |    262 |    324 |   1034 |   4 |  609.8 |
    Slime Pits |    411 |    411 |      0 |    283 |     45 |   3 |  137.0 |
  Orcish Mines |   1950 |   1686 |    264 |    391 |    863 |   2 |  975.0 |
       Ossuary |    284 |    284 |      0 |      0 |    176 |   1 |  284.0 |
      Ice Cave |    650 |    650 |      0 |    271 |    137 |   1 |  650.0 |
       Volcano |    282 |    282 |      0 |      0 |    151 |   1 |  282.0 |
               +--------+--------+--------+--------+--------+-----+--------+

Top non-repeatable levels by time:
     D:5: 1779 daAuts
  Lair:5: 1765 daAuts
   Orc:2: 1715 daAuts
  Lair:4: 1631 daAuts
     D:9: 1529 daAuts
  Lair:6: 1163 daAuts
     D:2: 1085 daAuts
  Lair:2: 1080 daAuts
     D:7: 1064 daAuts
  Lair:3: 1050 daAuts
     D:1: 1040 daAuts
    D:11: 1015 daAuts
     D:8: 986 daAuts
Spider:4: 955 daAuts
  Lair:1: 908 daAuts

Table legend:
 A = Non-vault XP
 B = Vault XP
 C = Vault XP percentage of total XP
 D = Non-vault monster count
 E = Vault monster count
 F = Vault count percentage of total count
                 A         B        C        D         E       F
            +---------+---------+-------+---------+---------+-------
      Total |  165856 |   83821 |  33.6 |     637 |     342 |  34.9
            +---------+---------+-------+---------+---------+-------
        D:1 |      51 |       0 |   0.0 |      21 |       0 |   0.0
        D:2 |      64 |       4 |   5.9 |      25 |       2 |   7.4
        D:3 |      88 |       0 |   0.0 |      14 |       0 |   0.0
        D:4 |     354 |     127 |  26.4 |      11 |       2 |  15.4
        D:5 |    1101 |     292 |  21.0 |      25 |       6 |  19.4
        D:6 |     643 |       0 |   0.0 |      10 |       0 |   0.0
        D:7 |     758 |     618 |  44.9 |      25 |       2 |   7.4
        D:8 |    1462 |    1036 |  41.5 |      15 |       4 |  21.1
        D:9 |    1064 |    1612 |  60.2 |      19 |       3 |  13.6
       D:10 |    1870 |       0 |   0.0 |      17 |       0 |   0.0
       D:11 |    5681 |    1319 |  18.8 |      20 |       2 |   9.1
       D:12 |    3147 |    3363 |  51.7 |      21 |      39 |  65.0
     Lair:1 |    1346 |     510 |  27.5 |       3 |       3 |  50.0
     Lair:2 |    3368 |       0 |   0.0 |       9 |       0 |   0.0
     Lair:3 |    6657 |     831 |  11.1 |      23 |       1 |   4.2
     Lair:4 |    6206 |    9185 |  59.7 |      26 |      28 |  51.9
     Lair:5 |   11125 |    3138 |  22.0 |      32 |      27 |  45.8
     Lair:6 |   13064 |    3535 |  21.3 |      35 |      12 |  25.5
    Swamp:1 |   10516 |    2256 |  17.7 |      21 |       4 |  16.0
    Swamp:2 |    9355 |       0 |   0.0 |      21 |       0 |   0.0
    Swamp:3 |    5416 |       0 |   0.0 |      11 |       0 |   0.0
    Swamp:4 |    5000 |    8680 |  63.5 |      11 |      30 |  73.2
   Spider:1 |   11467 |       0 |   0.0 |      35 |       0 |   0.0
   Spider:2 |   18429 |       0 |   0.0 |      44 |       0 |   0.0
   Spider:3 |    2863 |    1200 |  29.5 |       6 |       6 |  50.0
   Spider:4 |   18817 |   21099 |  52.9 |      52 |      46 |  46.9
    Slime:1 |    7315 |       0 |   0.0 |      19 |       0 |   0.0
    Slime:2 |    2185 |       0 |   0.0 |       8 |       0 |   0.0
    Slime:3 |    7282 |       0 |   0.0 |      10 |       0 |   0.0
      Orc:1 |     363 |       0 |   0.0 |       8 |       0 |   0.0
      Orc:2 |    8799 |   14215 |  61.8 |      40 |      70 |  63.6
    Ossuary |       0 |     234 | 100.0 |       0 |      13 | 100.0
      IceCv |       0 |    3746 | 100.0 |       0 |      28 | 100.0
    Volcano |       0 |    6821 | 100.0 |       0 |      14 | 100.0
            +---------+---------+-------+---------+---------+-------
